 Dungeon Crawl Stone Soup version 0.31-a0-620-gd1cbd99268 (webtiles) character file.

Game seed: 17705490438028450107

30 RepHenryClay the Sneak (level 3, 0/33 HPs)
             Began as a Minotaur Delver on Aug 24, 2023.
             Slain by an orc
             ... wielding a +0 club
              (4 damage)
             ... on level 5 of the Dungeon.
             The game lasted 00:01:06 (69 turns).

RepHenryClay the Sneak (Minotaur Delver)              Turns: 69, Time: 00:01:07

Health: 0/33       AC:  3    Str: 18    XL:     3   Next: 3%
Magic:  2/2        EV: 12    Int:  7    God:
Gold:   0          SH:  0    Dex: 11    Spells: 2/2 levels left

rFire   . . .        a - +0 mace
rCold   . . .        (no shield)
rNeg    . . .        b - +0 leather armour
rPois   .            (helmet restricted)
rElec   .            (no cloak)
rCorr   .            (no gloves)
SInv    .            (no boots)
Will    .....        (no amulet)
Stlth   ++           (no ring)
HPRegen 0.25/turn    (no ring)
MPRegen 0.08/turn

%: no passive effects
@: no status effects
A: horns 2, retaliatory headbutt
a: no special abilities


You were on level 5 of the Dungeon.
You visited 1 branch of the dungeon, and saw 1 of its levels.

Inventory:

Hand Weapons
 a - a +0 mace (weapon)
Armour
 b - a +0 leather armour (worn)
 e - a +0 chain mail
Wands
 g - a wand of digging (3)
Scrolls
 c - a scroll of fog
 d - a scroll of revelation
Potions
 f - a potion of haste


   Skills:
 - Level 4.0 Fighting
 + Level 3.0 Maces & Flails
 + Level 0.0 Armour
 - Level 2.7 Dodging
 - Level 4.3 Stealth


You had 2 spell levels left.
You didn't know any spells.
Your spell library was empty.

Dungeon Overview and Level Annotations

Branches:
Dungeon (5/15)
 Temple: D:4-7

Altars:


Innate Abilities, Weirdness & Mutations

You have a pair of horns on your head.
You reflexively headbutt those who attack you in melee.


Message History

Your Maces & Flails skill increases to level 3!
You have reached level 2!
You have reached level 3!
Your experience leads to an increase in your attributes!
Increase (S)trength, (I)ntelligence, or (D)exterity?
You feel stronger. x2
The orc wizard hits you but does no damage.
The orc wizard casts a spell.
The orc wizard flickers and vanishes!
Deactivating autopickup; reactivate with Ctrl-A.
Okay, then.
The orc hits you with a +0 hand axe. The orc misses you.
Damage: -3%(-1hp) hp: 58%(19hp)
The orc hits you but does no damage.
You barely miss the orc. Your headbutt misses the orc.
The orc seems to regain its courage.
The orc hits you with a +0 club. x2
The orc hits you with a +0 whip.
* * * LOW HITPOINT WARNING * * *
Huge Dmg: -30%(-10hp) hp: 31%(10hp)
The orc hits you but does no damage. The orc barely misses you.
You furiously retaliate!
You headbutt the orc.
A hobgoblin and a kobold come into view.
The kobold shouts!
You hear a shout!
Something hits you.
* * * LOW HITPOINT WARNING * * *
The orc closely misses you.
A kobold comes into view. It is wielding a +0 dagger.
You hear a shout!
Damage: -3%(-1hp) hp: 28%(9hp)
A kobold comes into view. It is wielding a +0 dagger.
The kobold shouts!
The hobgoblin shouts!
You hear some strange, mumbled words.
Something tries to affect you, but you resist.
The orc attacks as it pursues you! The orc hits you with a +0 club.
* * * LOW HITPOINT WARNING * * *
Huge Dmg: -6%(-2hp) hp: 22%(7hp)
The orc attacks as it pursues you! The orc hits you with a +0 club.
* * * LOW HITPOINT WARNING * * *
Huge Dmg: -9%(-3hp) hp: 13%(4hp)
The orc attacks as it pursues you! The orc hits you with a +0 club.
You die...

#.....# #..# #....#
#.....# #.K# #....#
#.....######.K####
##.###
#................####.#
#...........o....##...#
#..............gK##.###
#........$.....o.##.#
#.............o.o##.#
#...(...........Y@..#
#####............######
#..................#
#########.#.##.#.#.#
#.#.# .# ##.#.# #
#..#.# #o##o# #Y##.##


You could see an ice beast, 4 orcs, a hobgoblin and 3 kobolds.

Vanquished Creatures
  A jelly (D:5)
1 creature vanquished.

Notes
Turn   | Place    | Note
-------+----------+-------------------------------------------
     0 | D:5      | RepHenryClay the Minotaur Delver began the quest for the
                  | Orb.
     0 | D:5      | Reached XP level 1. HP: 19/19 MP: 0/0
    20 | D:5      | Noticed an ice beast
    21 | D:5      | Noticed an orc wizard
    47 | D:5      | Noticed a jelly
    53 | D:5      | Killed a jelly
    54 | D:5      | Reached XP level 2. HP: 16/27 MP: 1/1
    54 | D:5      | Reached XP level 3. HP: 19/33 MP: 2/2
    69 | D:5      | Slain by an orc

Illustrated notes

Levels and vault maps discovered:
D:5:      cheibrodos_thug_alley, layout_basic, minmay_temple_entry_junction,
          dilly_guarded_unrand_morg

Skill      XL: |  1 |
---------------+----+-----
Fighting       | 4 |  4.0
Maces & Flails | 3 |  3.0
Dodging        | |  2.7
Stealth        | |  4.3

Action                     || total
---------------------------++-------
  Melee: Mace              ||     2
         Headbutt          ||     1
    Use: Scroll            ||     1
 Armour: Leather armour    ||     3
  Dodge: Dodged            ||     4

Table legend: (Time is in decaauts)
 A = Elapsed time spent in this place.
 B = Non-inter-level travel time spent in this place.
 C = Inter-level travel time spent in this place.
 D = Time resting spent in this place.
 E = Time spent auto-exploring this place.
 F = Levels seen in this place.
 G = Mean time per level.
                   A        B        C        D        E       F      G
               +--------+--------+--------+--------+--------+-----+--------+
         Total |     69 |     69 |      0 |      0 |     18 |   1 |   69.0 |
       Dungeon |     69 |     69 |      0 |      0 |     18 |   1 |   69.0 |
               +--------+--------+--------+--------+--------+-----+--------+

Top non-repeatable levels by time:
     D:5: 69 daAuts
